 Dungeon Sprint DCSS version 0.28-a0-804-g60983d4ba9 (webtiles) character file.

Game seed: 15327739098238155551

1998 mhtbhm the Protected (level 9, -3/86 HPs)
             Began as a Minotaur Fighter on Nov 8, 2021.
             Was a High Priest of Okawaru.
             Slain by a seven-headed hydra (10 damage)
             ... in the Dungeon (Sprint IX: "|||||||||||||||||||||||||||||").
             The game lasted 00:01:50 (933 turns).

mhtbhm the Protected (Minotaur Fighter)              Turns: 933, Time: 00:01:51

Health: -3/86      AC:  9    Str: 25    XL:     9   Next: 2%
Magic:  14/14      EV: 16    Int:  5    God:    Okawaru [*****.]
Gold:   0          SH:  6    Dex:  9    Spells: 8/8 levels left

rFire   . . .      SeeInvis .   a - +0 flail
rCold   . . .      Faith    .   c - +0 buckler
rNeg    . . .      Spirit   .   n - +2 ring mail
rPois   .          Reflect  .   (helmet restricted)
rElec   .          Harm     .   (no cloak)
rCorr   .          Rampage  .   (no gloves)
Will    .....      NoTele   +   (no boots)
Stlth   +.........              (no amulet)
HPRegen 0.24/turn               b - +2 ring of evasion
MPRegen 0.14/turn               o - +2 ring of evasion

@: no status effects
A: horns 2, retaliatory headbutt
a: Renounce Religion, Heroism, Finesse


You were in the Dungeon.
You worshipped Okawaru.
Okawaru was extremely pleased with you.
You visited 1 branch

Inventory:

Hand Weapons
 a - a +0 flail (weapon)
Missiles
 d - 2 atropa-tipped darts
 i - 2 poisoned darts (quivered)
Armour
 c - a +0 buckler (worn)
 n - a +2 ring mail (worn)
Jewellery
 b - a +2 ring of evasion (left hand)
 o - a +2 ring of evasion (right hand)
Wands
 m - a wand of iceblast (10)
Scrolls
 j - 2 scrolls of blinking
 l - 2 scrolls of amnesia
 p - 4 scrolls of enchant armour
 q - 2 scrolls of enchant weapon
 r - a scroll of fog
Potions
 e - 5 potions of curing
 f - 4 potions of heal wounds
 g - 2 potions of haste
 h - 4 potions of magic
 k - 3 potions of berserk rage


   Skills:
 + Level 10.6 Fighting
 + Level 11.4 Maces & Flails
 + Level 12.2 Armour
 + Level 4.7 Dodging
 + Level 1.8 Stealth
 + Level 10.2 Shields
 * Level 8.8 Invocations


You had 8 spell levels left.
You didn't know any spells.
Your spell library was empty.

Dungeon Overview and Level Annotations

Branches:
Dungeon (1/1)

Altars:
Cheibriados
Dithmenos
Elyvilon
Fedhas
Gozag
Hepliaklqana
Kikubaaqudgha
Makhleb
Nemelex Xobeh
Okawaru
Qazlal
Ru
Sif Muna
Trog
Uskayaw
Vehumet
Wu Jian
Xom
Yredelemnul
Zin
The Shining One
Beogh
Jiyva
Lugonu


Innate Abilities, Weirdness & Mutations

You have a pair of horns on your head.
You reflexively headbutt those who attack you in melee.


Message History

You block the seven-headed hydra's attack.
The seven-headed hydra barely misses you.
You block the seven-headed hydra's attack.
The seven-headed hydra bites you but does no damage.
You sock the seven-headed hydra!
The seven-headed hydra is heavily wounded.
The seven-headed hydra bites you!
The seven-headed hydra barely misses you.
The seven-headed hydra bites you. x2; The seven-headed hydra bites you!
The seven-headed hydra misses you. The seven-headed hydra bites you!
Unknown command.
You hit the seven-headed hydra.
The seven-headed hydra is heavily wounded.
The basilisk hisses menacingly.
The seven-headed hydra barely misses you.
You furiously retaliate!
You headbutt the seven-headed hydra!
You block the seven-headed hydra's attack.
The seven-headed hydra bites you!
The seven-headed hydra completely misses you.
The seven-headed hydra barely misses you.
The seven-headed hydra bites you.
The seven-headed hydra closely misses you.
You barely miss the seven-headed hydra.
The seven-headed hydra is severely wounded.
The seven-headed hydra bites you!
You block the seven-headed hydra's attack.
The seven-headed hydra bites you!
* * * LOW HITPOINT WARNING * * *
You block the seven-headed hydra's attack.
The seven-headed hydra bites you.
* * * LOW HITPOINT WARNING * * *
The seven-headed hydra misses you.
The seven-headed hydra barely misses you.
You sock the seven-headed hydra!
The seven-headed hydra is severely wounded.
The seven-headed hydra bites you.
* * * LOW HITPOINT WARNING * * *
The seven-headed hydra bites you but does no damage.
The seven-headed hydra bites you!
You die...

▓.▓.▓(▓
▓.▓.▓[▓
▓.▓.▓)▓
▓'▓.▓.▓
▓_▓.▓.▓
▓_▓.▓.▓
▓_▓.▓.▓
▓_▓.▓.▓
▓_▓.▓@▓
▓_▓.▓D▓
▓_▓.▓l▓
▓_▓.▓h▓
▓_▓.▓Y▓
▓_▓.▓S▓
▓_▓.▓F▓
▓_▓.▓F▓
▓_▓.▓


You could see a seven-headed hydra, a yak, 2 cane toads, a basilisk, a water
moccasin and a wolf.

Vanquished Creatures
  A centaur warrior (D)
  An ugly thing (D)
  A cyclops (D)
  2 trolls (D)
  A slime creature (D)
  A yak (D)
  A vampire mosquito (D)
  2 centaurs (D)
  A kobold brigand (D)
  An ufetubus (D)
  2 bat zombies (D)
  An endoplasm (D)
  A goblin (D)
  2 quokkas (D)
  A ball python skeleton (D)
  A ball python zombie (D)
  A quokka zombie (D)
  A rat (D)
22 creatures vanquished.

Notes
Turn   | Place    | Note
-------+----------+-------------------------------------------
     0 | D        | mhtbhm the Minotaur Fighter began the quest for the Orb.
     0 | D        | Reached XP level 1. HP: 19/19 MP: 0/0
     6 | D        | Reached skill level 4 in Armour
    84 | D        | Reached XP level 2. HP: 26/28 MP: 1/1
   105 | D        | Found a snail-covered altar of Cheibriados.
   105 | D        | Found a shadowy altar of Dithmenos.
   105 | D        | Found a white marble altar of Elyvilon.
   105 | D        | Found a blossoming altar of Fedhas.
   105 | D        | Found an opulent altar of Gozag.
   106 | D        | Found a hazy altar of Hepliaklqana.
   107 | D        | Found a viscous altar of Jiyva.
   108 | D        | Found an ancient bone altar of Kikubaaqudgha.
   109 | D        | Found a corrupted altar of Lugonu.
   110 | D        | Found a burning altar of Makhleb.
   111 | D        | Found a sparkling altar of Nemelex Xobeh.
   112 | D        | Found an iron altar of Okawaru.
   113 | D        | Found a stormy altar of Qazlal.
   114 | D        | Found a sacrificial altar of Ru.
   115 | D        | Found a shimmering blue altar of Sif Muna.
   116 | D        | Found a bloodstained altar of Trog.
   117 | D        | Found a hide-covered altar of Uskayaw.
   118 | D        | Found a radiant altar of Vehumet.
   119 | D        | Found an ornate altar of the Wu Jian Council.
   120 | D        | Became a worshipper of Warmaster Okawaru
   121 | D        | Found a shimmering altar of Xom.
   122 | D        | Found a basalt altar of Yredelemnul.
   123 | D        | Found a glowing silver altar of Zin.
   124 | D        | Found a glowing golden altar of the Shining One.
   181 | D        | Noticed a vampire mosquito
   181 | D        | Noticed a centaur
   181 | D        | Noticed a kobold brigand
   181 | D        | Noticed a yak
   181 | D        | Noticed a centaur
   197 | D        | Killed a vampire mosquito
   197 | D        | Reached * piety under Okawaru
   198 | D        | Reached skill level 5 in Maces & Flails
   198 | D        | Reached skill level 7 in Armour
   198 | D        | Reached skill level 1 in Dodging
   198 | D        | Reached XP level 3. HP: 26/38 MP: 1/4
   198 | D        | Reached XP level 4. HP: 31/45 MP: 1/5
   198 | D        | Reached XP level 5. HP: 35/51 MP: 1/6
   199 | D        | Killed a centaur
   200 | D        | Reached skill level 8 in Armour
   204 | D        | Reached ** piety under Okawaru
   205 | D        | Reached skill level 5 in Invocations
   205 | D        | Reached XP level 6. HP: 20/60 MP: 1/8
   403 | D        | Killed a yak
   404 | D        | Reached skill level 9 in Armour
   618 | D        | Noticed a troll
   618 | D        | Noticed a green ugly thing
   618 | D        | Noticed a cyclops
   618 | D        | Noticed a centaur warrior
   618 | D        | Noticed a troll
   618 | D        | Noticed a slime creature
   624 | D        | Killed a troll
   624 | D        | Reached *** piety under Okawaru
   625 | D        | Reached skill level 10 in Armour
   625 | D        | Reached XP level 7. HP: 53/70 MP: 9/11
   627 | D        | Killed a green ugly thing
   628 | D        | Reached skill level 1 in Stealth
   629 | D        | Killed a cyclops
   629 | D        | Reached **** piety under Okawaru
   630 | D        | Reached skill level 11 in Armour
   630 | D        | Reached XP level 8. HP: 59/79 MP: 9/12
   633 | D        | Killed a centaur warrior
   633 | D        | Received a gift from Okawaru
   633 | D        | Reached ***** piety under Okawaru
   634 | D        | Reached skill level 10 in Fighting
   634 | D        | Reached skill level 10 in Maces & Flails
   640 | D        | Killed a troll
   641 | D        | Reached skill level 12 in Armour
   641 | D        | Reached skill level 10 in Shields
   643 | D        | Killed a slime creature
   644 | D        | Reached XP level 9. HP: 49/86 MP: 11/14
   923 | D        | Noticed a seven-headed hydra
   923 | D        | Noticed a cane toad
   924 | D        | Noticed a cane toad
   933 | D        | Slain by a seven-headed hydra

Illustrated notes

Levels and vault maps discovered:
D:        linesprint [early_d, line_temple, items_1, d_10, items_2, lair_1,
          lair_end, items_3, orc_1, orc_end, items_4, d_15, swamp_1, shoals_1,
          snake_1, spider_1, d_20, vaults_1, items_5, swamp_end, shoals_end,
          snake_end, spider_end, vaults_end, d_27, items_6, zot_1, zot_end,
          crypt_end, forest_end, elf_end, slime_end, tomb_end, abyss_end,
          pan_hell_end]

Skill      XL: |  1  2  3  4  5  6  7  8 |
---------------+-------------------------+-----
Fighting       | 4 6 7 9 10 | 10.6
Armour         | 4 7 8 10 11 12 | 12.2
Shields        | 4 6 7 8 9 10 | 10.2
Maces & Flails | 3 5 6 8 9 11 | 11.4
Dodging        | 1 2 3 4 |  4.7
Invocations    | 3 5 6 7 8 |  8.8
Stealth        | 1 |  1.8

Action                   |  1- 3 |  4- 6 |  7- 9 || total
-------------------------+-------+-------+-------++-------
Melee: Flail             |    31 |    21 |    27 ||    79
       Headbutt          |     4 |     7 |     5 ||    16
  Use: Potion            |     2 |     2 |       ||     4
       Scroll            |       |     1 |       ||     1
 Stab: Invisible         |       |       |     2 ||     2
Armor: Scale mail        |     9 |       |       ||     9
       Ring mail         |     7 |     5 |     6 ||    18
Dodge: Dodged            |    22 |    15 |    23 ||    60
Block: Buckler           |     6 |     9 |    12 ||    27

Table legend: (Time is in decaauts)
 A = Elapsed time spent in this place.
 B = Non-inter-level travel time spent in this place.
 C = Inter-level travel time spent in this place.
 D = Time resting spent in this place.
 E = Time spent auto-exploring this place.
 F = Levels seen in this place.
 G = Mean time per level.
                   A        B        C        D        E       F      G
               +--------+--------+--------+--------+--------+-----+--------+
         Total |    947 |    947 |      0 |    389 |    312 |   1 |  947.0 |
       Dungeon |    947 |    947 |      0 |    389 |    312 |   1 |  947.0 |
               +--------+--------+--------+--------+--------+-----+--------+

Top non-repeatable levels by time:
       D: 947 daAuts
